 Dungeon Crawl Stone Soup version 0.22.0-13-g43fe8f24b8 (webtiles) character file.

127 Gorg the Chopper (level 5, -4/46 HPs)
             Began as a Hill Orc Fighter on Aug 16, 2018.
             Slain by a worm (7 damage)
             ... on level 3 of the Dungeon.
             The game lasted 00:02:46 (2005 turns).

Gorg the Chopper (Hill Orc Fighter)                 Turns: 2005, Time: 00:02:47

Health: -4/46      AC:  7    Str: 19    XL:     5   Next: 11%
Magic:  5/5        EV:  7    Int:  9    God:
Gold:   106        SH:  9    Dex: 10    Spells: 4/4 levels left

rFire    . . .     SeeInvis .   a - +0 war axe
rCold    . . .     Gourm    .   c - +0 shield
rNeg     . . .     Faith    .   b - +0 scale mail
rPois    .         Spirit   .   (no helmet)
rElec    .         Reflect  .   (no cloak)
rCorr    .         Harm     .   (no gloves)
MR       .....                  (no boots)
Stlth    ..........             (no amulet)
HPRegen  0.15/turn              (no ring)
MPRegen  0.09/turn              (no ring)

@: no status effects
A: no striking features
a: no special abilities


You were on level 3 of the Dungeon.
You were not hungry.

You visited 1 branch of the dungeon, and saw 3 of its levels.

You collected 106 gold pieces.

Inventory:

Hand Weapons
 a - a +0 war axe (weapon)
Armour
 b - a +0 scale mail (worn)
 c - a +0 shield (worn)
Jewellery
 g - an uncursed amulet of guardian spirit {unknown}
 t - an uncursed ring of poison resistance {unknown}
Wands
 p - a wand of clouds (6)
Scrolls
 e - 8 scrolls of identify {unknown}
 j - a scroll of random uselessness {unknown}
 k - a scroll of teleportation {unknown}
 l - 2 scrolls of amnesia {unknown}
 m - 3 scrolls of remove curse {unknown}
 o - a scroll of immolation {unknown}
Potions
 d - a potion of might
 h - a potion of flight {unknown}
 i - a potion of resistance {unknown}
 n - a potion of agility {unknown}
 q - a potion of haste {unknown}
 s - a potion of berserk rage {unknown}
Comestibles
 f - 5 rations
 r - 6 chunks of flesh


   Skills:
 + Level 4.0 Fighting
 * Level 5.4 Axes
 + Level 3.7 Armour
 + Level 0.3 Dodging
 + Level 0.3 Stealth
 + Level 3.7 Shields


You had 4 spell levels left.
You didn't know any spells.
Your spell library was empty.

Dungeon Overview and Level Annotations

Branches:
Dungeon (3/15)

Altars:
Nemelex Xobeh
Vehumet


Message History

The worm is lightly wounded.
The worm bites you but does no damage.
You barely miss the worm. You slash the worm!
The worm is severely wounded.
You block the worm's attack.
Unknown command.
You hit the worm.
The worm is severely wounded.
The worm bites you but does no damage.
You hit the worm but do no damage.
The worm is severely wounded.
The worm bites you.
* * * LOW HITPOINT WARNING * * *
You hit the worm.
The worm is almost dead.
You barely miss the worm.
The worm is almost dead.
The worm bites you!
You die...

#.#.#.#.# #. ..## #...
......... .. .<#.# ####
#.......#.. # #.# #####
.....(....## #.###....
#....>..#..# #.#......
...?.......## #...##...
#.....).#...# ##...##...
......)w..#.###....##...
#.#.#.#@###.##.....##...
#.#))..........##...
#.).)..###.#>..##...
###....÷.......##...
#....#...#...#
#....#..##÷###
#............#
#....#####.#.# #.####
#÷#.#


You could see a worm.

Vanquished Creatures
  Robin (D:3)
  3 adders (D:2)
  6 worms
  A dart slug (D:2)
  2 leopard geckos (D:1)
  2 giant cockroaches
  11 goblins
  14 hobgoblins
  3 jackals (D:3)
  A quokka (D:3)
  8 bats
  4 frilled lizards
  5 kobolds
  10 rats
71 creatures vanquished.

Notes
Turn   | Place    | Note
-------+----------+-------------------------------------------
     0 | D:1      | Gorg the Hill Orc Fighter began the quest for the Orb.
     0 | D:1      | Reached XP level 1. HP: 19/19 MP: 1/1
   266 | D:1      | Reached skill level 3 in Axes
   271 | D:1      | Reached XP level 2. HP: 22/27 MP: 2/2
   637 | D:2      | Reached skill level 4 in Axes
   637 | D:2      | Reached XP level 3. HP: 20/33 MP: 3/3
  1348 | D:2      | Found a sparkling altar of Nemelex Xobeh.
  1378 | D:2      | Reached XP level 4. HP: 38/40 MP: 4/4
  1813 | D:3      | Found a radiant altar of Vehumet.
  1854 | D:3      | Reached skill level 5 in Axes
  1977 | D:3      | Noticed Robin
  1993 | D:3      | Reached XP level 5. HP: 13/46 MP: 5/5
  1996 | D:3      | Killed Robin
  2005 | D:3      | Slain by a worm

Skill      XL: |  1  2  3  4 |
---------------+-------------+-----
Axes           | 3 4 5 |  5.4
Fighting       | 4 |  4.0
Armour         | |  3.7
Dodging        | |  0.3
Stealth        | |  0.3
Shields        | |  3.7

Action                   |  1- 3 |  4- 6 || total
-------------------------+-------+-------++-------
Melee: War axe           |    99 |   104 ||   203
  Eat: Chunk             |     1 |     3 ||     4
Armor: Scale mail        |    53 |    60 ||   113
Dodge: Dodged            |    27 |    35 ||    62
Block: Shield            |    36 |    40 ||    76
